 Dungeon Crawl Stone Soup version 0.20.1-1-g8b1a95d (webtiles) character file.

4185 kae the Carver (level 10, -7/79 HPs)
             Began as a Formicid Fighter on Sept 28, 2017.
             Was a Priest of Okawaru.
             Mangled by an orc warrior
             ... wielding a +0 battleaxe
              (17 damage)
             ... on level 8 of the Dungeon.
             The game lasted 00:11:54 (9218 turns).

kae the Carver (Formicid Fighter)                   Turns: 9218, Time: 00:11:55

Health: -7/79      AC:  9    Str: 23    XL:     10   Next: 53%
Magic:  14/14      EV:  9    Int:  9    God:    Okawaru [***...]
Gold:   397        SH:  0    Dex: 10    Spells: 9/9 levels left

rFire    x . .     SeeInvis +   a - +1 long sword
rCold    + . .     Gourm    .   c - +0 shield
rNeg     . . .     Faith    .   b - +1 scale mail
rPois    .         Spirit   .   (helmet unavailable)
rElec    .         Reflect  .   (no cloak)
rCorr    .         Harm     .   (no gloves)
MR       +....                  (no boots)
Stlth    ..........             C - amulet of magic regeneration
Regen    0.3/turn               s - ring of ice
MPRegen  0.3/turn               (no ring)

@: confused
A: permanent stasis, dig shafts and tunnels, four strong arms, antennae 3
a: Dig, Shaft Self, Heroism, Renounce Religion


You were on level 8 of the Dungeon.
You worshipped Okawaru.
Okawaru was most pleased with you.
You were very hungry.

You visited 2 branches of the dungeon, and saw 9 of its levels.

You collected 397 gold pieces.

Inventory:

Hand Weapons
 a - a +1 long sword (weapon)
Armour
 b - a +1 scale mail (worn)
 c - a +0 shield (worn)
Jewellery
 s - a ring of ice (left hand)
 y - the macabre finger necklace {rN+}
   (You found it on level 8 of the Dungeon)

   [amulet of nothing]

   It protects you from negative energy.
 C - an amulet of magic regeneration (around neck)
Wands
 p - a wand of random effects (42/48)
 z - a wand of paralysis (2/24)
Scrolls
 e - 2 scrolls of enchant armour
 o - a scroll of fog
 r - 2 scrolls of recharging
 t - 4 scrolls of remove curse
 A - a scroll of immolation
 B - a scroll of enchant weapon
Potions
 d - a potion of might
 g - 4 potions of curing
 h - 2 potions of degeneration
 i - 4 potions of magic
 j - a potion of flight
 k - 4 potions of mutation
 l - a potion of berserk rage
 m - 2 potions of ambrosia
 u - a potion of haste {unknown}
 v - a potion of brilliance
 x - 3 potions of lignification
Comestibles
 f - 5 bread rations
 n - 3 meat rations
 q - 7 fruits
 w - 2 royal jellies


   Skills:
 + Level 7.4 Fighting
 * Level 9.1 Long Blades
 + Level 7.5 Armour
 + Level 8.4 Shields
 + Level 5.3 Invocations


You had 9 spell levels left.
You didn't know any spells.

Dungeon Overview and Level Annotations

Branches:
Dungeon (8/15)             Temple (1/1) D:6
   Lair: D:8-11

Altars:
Ashenzari
Cheibriados
Dithmenos
Fedhas
Gozag
Hepliaklqana
Kikubaaqudgha
Makhleb
Nemelex Xobeh
Okawaru
Qazlal
Ru
Sif Muna
Trog
Uskayaw
Vehumet
Xom
Yredelemnul
Zin
The Shining One


Innate Abilities, Weirdness & Mutations

You cannot be hasted, slowed, berserked, paralysed or teleported.
You can dig through walls and to a lower floor.
Your four strong arms can wield two-handed weapons with a shield.
You have a pair of large antennae on your head. (SInv)


Message History

You barely miss the orc warrior.
The orc warrior is severely wounded.
You hit the orc warrior but do no damage.
The orc warrior is severely wounded.
The orc warrior hits you but does no damage.
You closely miss the orc warrior.
The orc warrior is severely wounded.
The orc warrior hits you with a battleaxe!!
* * * LOW HITPOINT WARNING * * *
You are feeling very hungry.
You barely miss the orc warrior.
The orc warrior is severely wounded.
The orc warrior hits you with a battleaxe!
* * * LOW HITPOINT WARNING * * *
You are confused.
You feel invigorated.
You closely miss the orc warrior.
The orc warrior is severely wounded.
The orc warrior hits you with a battleaxe!
You die...

.##.####################.########
.##...................##.#
.####################.##.########
............#.......#.##.........
####....###.#.#####........######
.................................
............#.#####........######
........#.#.#.#####........# #
.######.#.#.#.#o@..........#### #
.# #.#.#.....).###.........# #
.######.#.#.#.#.#.# #.#######.###
........#.#.#.#.#.###.#..........
......###.#.#.........#.#####.###
.####.###.#.###.#.###.#.#####....
>..........oo..................##
..#...###.#####.#.....#........##
......# #....W..#[#.#.#.#####..##


You could see an orc warrior.

Vanquished Creatures
  A two-headed ogre (D:8)
  The ghost of Frank the Slasher, a novice OpFi of Dithmenos (D:8)
  3 yaks (D:6)
  An orc warrior (D:7)
  2 sky beasts
  An ice beast (D:5)
  3 ogres
  3 black bears
  2 phantoms
  The ghost of sasori113 the Slasher, an amateur DsGl (D:3)
  A crocodile (D:6)
  A centaur (D:7)
  A big kobold (D:7)
  4 bullfrogs
  A gnoll sergeant (D:6)
  2 scorpions
  2 howler monkeys
  2 crimson imps (D:7)
  2 orc priests (D:8)
  A jelly (D:3)
  An iguana (D:6)
  4 orc wizards
  3 worker ants
  2 hound skeletons
  11 gnolls
  A howler monkey skeleton (D:4)
  11 adders
  A shadow imp (D:5)
  2 oozes
  2 adder zombies
  An adder skeleton (D:5)
  3 worms
  6 leopard geckos
  37 orcs
  6 bats
  3 giant cockroaches
  10 goblins
  8 hobgoblins
  7 jackals
  10 kobolds
  A quokka (D:4)
  6 frilled lizards
  A giant cockroach zombie (D:4)
  A leopard gecko skeleton (D:4)
  2 quokka skeletons
  8 rats
183 creatures vanquished.

Notes
Turn   | Place    | Note
-------+----------+-------------------------------------------
     0 | D:1      | kae the Formicid Fighter began the quest for the Orb.
     0 | D:1      | Reached XP level 1. HP: 18/18 MP: 1/1
   144 | D:1      | Reached XP level 2. HP: 24/24 MP: 2/2
   621 | D:2      | Reached XP level 3. HP: 29/29 MP: 3/3
   702 | D:2      | Found a faded altar of an unknown god.
   793 | D:2      | Found a shattered altar of Ashenzari.
  1441 | D:2      | Reached skill level 3 in Long Blades
  1652 | D:3      | Noticed sasori113's ghost (amateur DsGl)
  1904 | D:2      | Reached XP level 4. HP: 34/36 MP: 4/4
  1933 | D:3      | Killed sasori113's ghost
  1933 | D:3      | Reached XP level 5. HP: 10/42 MP: 5/5
  2377 | D:3      | Reached XP level 6. HP: 30/48 MP: 6/6
  2769 | D:3      | Reached skill level 4 in Long Blades
  2902 | D:3      | Reached skill level 5 in Shields
  3345 | D:4      | Noticed a phantom
  3375 | D:4      | Killed a phantom
  3395 | D:4      | Reached XP level 7. HP: 31/55 MP: 7/7
  3777 | D:4      | Found a blossoming altar of Fedhas.
  4310 | D:4      | Reached skill level 5 in Long Blades
  4384 | D:5      | Entered Level 5 of the Dungeon
  4655 | D:5      | Reached skill level 5 in Fighting
  4655 | D:5      | Reached skill level 5 in Armour
  4655 | D:5      | Reached XP level 8. HP: 61/62 MP: 8/8
  5628 | D:6      | Found a staircase to the Ecumenical Temple.
  5644 | D:6      | Reached skill level 6 in Long Blades
  5653 | Temple   | Entered the Ecumenical Temple
  5793 | Temple   | Became a worshipper of Warmaster Okawaru
  5934 | D:6      | Reached skill level 1 in Invocations
  6145 | D:6      | Found a hazy altar of Hepliaklqana.
  6395 | D:6      | Found a snail-covered altar of Cheibriados.
  6822 | D:6      | Noticed a yak
  6822 | D:6      | Noticed a yak
  6841 | D:6      | Killed a yak
  6841 | D:6      | Reached * piety under Okawaru
  6841 | D:6      | Reached XP level 9. HP: 46/69 MP: 9/11
  6850 | D:6      | Reached skill level 7 in Long Blades
  7415 | D:7      | Found an ancient bone altar of Kikubaaqudgha.
  7415 | D:7      | Found a sacrificial altar of Ru.
  7415 | D:7      | Found a radiant altar of Vehumet.
  7537 | D:7      | Reached ** piety under Okawaru
  8254 | D:7      | Reached skill level 8 in Long Blades
  8438 | D:8      | Noticed Frank's ghost (novice OpFi)
  8674 | D:7      | Reached XP level 10. HP: 69/77 MP: 13/13
  8763 | D:8      | Killed Frank's ghost
  8763 | D:8      | Reached *** piety under Okawaru
  8814 | D:8      | Noticed a two-headed ogre
  8826 | D:8      | Killed a two-headed ogre
  8826 | D:8      | Reached skill level 9 in Long Blades
  8826 | D:8      | Reached skill level 5 in Invocations
  9216 | D:8      | HP: 3/79 [orc warrior/battleaxe (8)]
  9218 | D:8      | Mangled by an orc warrior

Skill      XL: |  1  2  3  4  5  6  7  8  9 10 |
---------------+-------------------------------+-----
Long Blades    | 3 4 5 6 8 9 |  9.1
Shields        | 4 5 6 7 8 |  8.4
Armour         | 4 5 6 7 |  7.5
Fighting       | 4 5 6 7 |  7.4
Invocations    | 2 4 5 |  5.3

Action                   |  1- 3 |  4- 6 |  7- 9 | 10-12 || total
-------------------------+-------+-------+-------+-------++-------
Melee: Long sword        |   114 |   172 |   483 |    59 ||   828
 Abil: Dig               |       |     2 |     7 |       ||     9
Evoke: Wand              |       |       |     3 |     3 ||     6
  Use: Scroll            |     3 |     4 |    11 |       ||    18
       Potion            |       |       |     4 |     1 ||     5
 Stab: Paralysed         |       |       |       |     6 ||     6
  Eat: Chunk             |     3 |     5 |    19 |     1 ||    28
Armor: Scale mail        |    42 |    49 |   136 |     9 ||   236
Dodge: Dodged            |    43 |    35 |   121 |    16 ||   215
Block: Shield            |    63 |    71 |   227 |    21 ||   382
       Rpst.: Long sword |    11 |    14 |    37 |     5 ||    67
